 Dungeon Crawl Stone Soup version 0.17-a0-2055-gb4e23be (webtiles) character file.

8321 Jackolantern the Covert (level 11, -5/53 HPs)
             Began as a Spriggan Enchanter on Oct 12, 2015.
             Was a Priest of Dithmenos.
             Killed from afar by an orc wizard (6 damage)
             ... with a magic dart
             ... on level 8 of the Dungeon.
             The game lasted 00:42:38 (10497 turns).

Jackolantern the Covert (Spriggan Enchanter)       Turns: 10497, Time: 00:42:38

Health: -5/53      AC: 10    Str:  1    XL:     11   Next: 8%
Magic:  7/30       EV: 24    Int: 16    God:    Dithmenos [***...]
Gold:   472        SH:  0    Dex: 18    Spells: 5 memorised, 11 levels left

rFire  . . .     SeeInvis +     e - +2 dagger (protect)
rCold  . . .     Clarity  +     b - +1 robe
rNeg   + . .     SustAt   .     (shield restricted)
rPois  .         Gourm    .     (helmet restricted)
rElec  .         Spirit   .     q - +0 cloak
rCorr  +         Warding  .     (gloves unavailable)
rMut   .         Stasis   .     (boots unavailable)
MR     ++...                    h - amulet of resist corrosion
Stlth  +++++++++.               y - ring of magical power
                                n - ring of Fiuluh {+Inv rN+ MR+ Str-4}

@: very slightly contaminated, wreathed by umbra, very quick, very resistant to
hostile enchantments, incredibly stealthy
A: unfitting armour, horns 1, icy blue scales 1, see invisible, clarity, clumsy
1, herbivore 3, speed 3, screaming 1, slow metabolism 2
a: Shadow Step, Renounce Religion, Evoke Invisibility


You were on level 8 of the Dungeon.
You worshipped Dithmenos.
Dithmenos was most pleased with you.
You were hungry.

You visited 2 branches of the dungeon, and saw 10 of its levels.
You also visited: Ossuary.

You collected 472 gold pieces.

Inventory:

Hand Weapons
 e - a +2 dagger of protection (weapon)
 o - a +0 blowgun
Missiles
 p - 10 poisoned needles
Armour
 b - a +1 robe (worn)
 q - a +0 cloak (worn)
Jewellery
 h - an amulet of resist corrosion (around neck)
 j - an uncursed ring of sustain attributes
 n - the ring of Fiuluh (left hand) {+Inv rN+ MR+ Str-4}
   (You found it on level 4 of the Dungeon)

   [ring of invisibility]

   It affects your strength (-4).
   It protects you from negative energy.
   It affects your resistance to hostile enchantments.
   It lets you turn invisible.
 u - an uncursed amulet of resist mutation
 y - a ring of magical power (right hand)
 z - an uncursed ring of protection from cold {unknown}
 K - an uncursed ring of see invisible
 N - an uncursed ring of teleportation
Wands
 k - a wand of polymorph (12)
 l - a wand of flame (39)
 w - a wand of enslavement (14)
 I - a wand of enslavement (24)
Scrolls
 a - 5 scrolls of remove curse
 f - a scroll of fog
 g - 4 scrolls of teleportation
 r - a scroll of fear
 t - a scroll of identify
 x - a scroll of enchant armour {unknown}
Potions
 i - 3 potions of agility
 m - 6 potions of curing
 v - a potion of berserk rage
 A - a potion of might
 F - a potion of flight
 H - a potion of magic
Books
 c - a book of Maledictions

   Spells                             Type                      Level
   a - Corona                         Hexes                        1
   b - Ensorcelled Hibernation        Hexes/Ice                    2
   c - Confuse                        Hexes                        3
   d - Tukima's Dance                 Hexes                        3
   e - Dazzling Spray                 Conjuration/Hexes            3
 s - a book of Spatial Translocations

   Spells                             Type                      Level
   a - Apportation                    Translocation                1
   b - Blink                          Translocation                2
   c - Shroud of Golubria             Charms/Translocation         2
   d - Portal Projectile              Translocation                3
   e - Teleport Other                 Translocation                3
   f - Passage of Golubria            Translocation                4
Comestibles
 d - 2 bread rations


   Skills:
 * Level 4.0 Fighting
 * Level 6.6 Short Blades
 + Level 8.4 Dodging
 * Level 12.6 Stealth
 + Level 6.6 Spellcasting
 * Level 9.7 Hexes
 - Level 2.1 Invocations
 * Level 9.5 Evocations


You had 11 spell levels left.
You knew the following spells:

 Your Spells              Type           Power        Failure   Level  Hunger
a - Corona                Hex            #####..      1%          1    None
b - Ensorcelled Hibernat  Hex/Ice        ###...       2%          2    None
c - Confuse               Hex            #####...     1%          3    ##.....
d - Tukima's Dance        Hex            #####...     1%          3    ##.....
e - Dazzling Spray        Conj/Hex       ###.....     6%          3    ##.....


Dungeon Overview and Level Annotations

Branches:
Dungeon (9/15)             Temple (1/1) D:4
   Lair: D:8-11         Orc: D:9-12

Altars:
Ashenzari
Cheibriados
Dithmenos
Elyvilon
Gozag
Kikubaaqudgha
Makhleb
Nemelex Xobeh
Okawaru
Qazlal
Ru
Sif Muna
Trog
Vehumet
Xom
Yredelemnul
Zin
The Shining One

Annotations:
D:8 Grum


Innate Abilities, Weirdness & Mutations

You are tiny and cannot use many weapons and most armour.
You have supernaturally acute eyesight.
You are a herbivore.
You cover ground extremely quickly.
You need consume almost no food.
You have a pair of small horns on your head.
You are partially covered in icy blue scales (AC +1).
You possess an exceptional clarity of mind.
You are clumsy. (Dex -2)
You occasionally shout uncontrollably at your foes.


Message History

Unknown command.
You hit the orc wizard but do no damage.
Your headbutt misses the orc wizard.
Grum grins madly.
The orc wizard points at you and mumbles some strange words.
The magic dart hits you!
* * * LOW HITPOINT WARNING * * *
You hit the orc wizard but do no damage.
The orc wizard hits you with a dagger.
* * * LOW HITPOINT WARNING * * *
You hit the orc wizard. Your headbutt misses the orc wizard.
The orc wizard is lightly wounded.
You hit the orc wizard.
The orc wizard is moderately wounded.
The orc wizard misses you.
You hit the orc wizard.
The orc wizard is severely wounded.
The orc wizard points at you and mumbles some strange words.
The magic dart hits you!
You die...

#.#.......#.###.#.###..# #
#.#.......#.# #.#.#<#..# #
#.##'##...#.# #.#.#.#..# #
#####'##.######.###.#.#....# #
#......#.###..............######
#..........#....###.#...........
#).......#.#......#.############
#.......<#.#....#.#.#
#........#.#.#o@#.#.#
#......###.#.#÷.#.#.#
#####.#....#.#.g#.#.#
#.#.##.#†#<.#.#.#
#.#....#)##.#...#
#.####.#.##.#####
#......#.##.################
########.##.................
#.###################


You could see Grum (confused) and an orc wizard.

Vanquished Creatures
  A hydra (D:8)
  Erolcha (D:8)
  A centaur warrior (D:8)
  The ghost of igor the Merchant of Misery, a novice DENe of Kikubaaqudgha (D:8)
  Grinder (D:6)
  A two-headed ogre (D:8)
  6 yaks
  A wyvern (D:8)
  A vampire mosquito (D:8)
  2 hippogriffs
  2 wolves (D:9)
  A hungry ghost (D:8)
  A water moccasin (D:6)
  2 ice beasts (D:8)
  A sky beast (D:5)
  3 orc warriors
  4 ogres
  A centaur (D:8)
  A phantom (D:6)
  A big kobold (D:8)
  Blork the orc (D:6)
  3 giant frogs
  5 scorpions
  A killer bee (D:8)
  3 wights (D:6)
  A wyvern skeleton (D:8)
  6 crimson imps
  3 jellies
  4 orc priests
  A human zombie (Ossuary)
  6 orc wizards
  8 hounds
  Crazy Yiuf (D:4)
  3 iguanas
  3 centaur zombies
  8 worker ants
  2 big kobold zombies (Ossuary)
  A hound zombie (D:7)
  2 hound skeletons
  4 mummies (Ossuary)
  5 worker ant zombies
  Robin (D:3)
  6 gnolls
  13 adders
  4 shadow imps
  An adder zombie (D:8)
  3 worms
  26 orcs
  5 giant cockroaches
  10 goblins
  7 hobgoblins
  4 jackals (D:7)
  7 kobolds
  4 bats
  5 giant geckos
  3 giant newts
  2 gnoll zombies (Ossuary)
  A goblin zombie (Ossuary)
  A hobgoblin zombie (Ossuary)
  An orc zombie (Ossuary)
  4 quokkas
  A quokka skeleton (D:4)
213 creatures vanquished.

Vanquished Creatures (collateral kills)
  An orc warrior (D:7)
1 creature vanquished.

Vanquished Creatures (others)
  A hound (D:7)
1 creature vanquished.

Grand Total: 215 creatures vanquished

Notes
Turn   | Place    | Note
--------------------------------------------------------------
     0 | D:1      | Jackolantern the Spriggan Enchanter began the quest for the Orb.
     0 | D:1      | Reached XP level 1. HP: 9/9 MP: 5/5
   899 | D:2      | Reached XP level 2. HP: 8/13 MP: 3/6
   910 | D:2      | Learned a level 2 spell: Ensorcelled Hibernation
   973 | D:2      | Reached XP level 3. HP: 10/17 MP: 2/8
  1082 | D:2      | Reached skill level 1 in Fighting
  1096 | D:2      | Reached skill level 5 in Stealth
  1126 | D:3      | Reached XP level 4. HP: 19/22 MP: 2/9
  1313 | D:3      | Noticed Robin
  1412 | D:3      | Killed Robin
  1506 | D:3      | Found a bloodstained altar of Trog.
  1506 | D:3      | Found an iron altar of Okawaru.
  1836 | D:4      | Noticed a hippogriff
  1918 | D:4      | Reached skill level 6 in Stealth
  1918 | D:4      | Reached XP level 5. HP: 24/26 MP: 2/10
  2326 | D:4      | Reached XP level 6. HP: 30/30 MP: 3/12
  2330 | D:4      | Reached skill level 5 in Dodging
  2349 | D:4      | Got a bound wooden ring
  2350 | D:4      | Lost strength.
  2350 | D:4      | Identified the ring of Fiuluh {+Inv rN+ MR+ Str-4} (You found it on level 4 of the Dungeon)
  2412 | D:4      | Reached skill level 1 in Evocations
  2995 | D:4      | Lost strength.
  3060 | D:4      | Reached skill level 5 in Hexes
  3260 | D:4      | Found a staircase to the Ecumenical Temple.
  3370 | D:4      | Reached skill level 7 in Stealth
  3430 | D:4      | Noticed Crazy Yiuf
  3438 | D:4      | Killed Crazy Yiuf
  3438 | D:4      | Reached XP level 7. HP: 23/35 MP: 8/14
  3564 | Temple   | Entered the Ecumenical Temple
  3676 | Temple   | Became a worshipper of Dithmenos the Shadowed
  3779 | D:4      | Killed a hippogriff
  4080 | D:5      | Entered Level 5 of the Dungeon
  4205 | D:5      | Learned a level 3 spell: Confuse
  4209 | D:5      | Learned a level 3 spell: Tukima's Dance
  4213 | D:5      | Learned a level 3 spell: Dazzling Spray
  4229 | D:5      | Reached skill level 8 in Stealth
  4754 | D:5      | Reached XP level 8. HP: 31/39 MP: 8/16
  4774 | D:5      | Lost strength.
  5369 | D:6      | Found a basalt altar of Yredelemnul.
  5383 | D:6      | Found a sand-covered staircase.
  5406 | Ossuary  | Entered an ossuary
  5479 | Ossuary  | Reached skill level 5 in Spellcasting
  6007 | D:6      | Reached skill level 9 in Stealth
  6016 | D:6      | Noticed Grinder
  6305 | D:6      | Killed Grinder
  6305 | D:6      | Reached skill level 5 in Evocations
  6397 | D:6      | Reached skill level 10 in Stealth
  6594 | D:6      | Reached XP level 9. HP: 40/42 MP: 18/18
  7121 | D:6      | Acquired Dithmenos's first power
  7158 | D:6      | Noticed Blork the orc
  7167 | D:6      | Killed Blork the orc
  7250 | D:6      | Found a sacrificial altar of Ru.
  7915 | D:7      | Found a burning altar of Makhleb.
  8372 | D:7      | Reached skill level 11 in Stealth
  8372 | D:7      | Reached skill level 1 in Invocations
  8427 | D:7      | Gained mutation: You are partially covered in icy blue scales (AC +1). [potion of mutation]
  8427 | D:7      | Gained mutation: You have a pair of small horns on your head. [potion of mutation]
  8428 | D:7      | Gained mutation: You are clumsy. (Dex -2) [potion of mutation]
  8428 | D:7      | Gained mutation: You possess an exceptional clarity of mind. [potion of mutation]
  8428 | D:7      | Gained mutation: You occasionally shout uncontrollably at your foes. [potion of mutation]
  8689 | D:8      | Noticed igor's ghost (novice DENe)
  8693 | D:8      | Noticed Erolcha
  8702 | D:8      | Killed igor's ghost
  8702 | D:8      | Reached skill level 5 in Short Blades
  9046 | D:8      | Killed Erolcha
  9046 | D:8      | Reached XP level 10. HP: 47/47 MP: 20/20
  9274 | D:8      | Acquired Dithmenos's second power
  9488 | D:8      | Noticed a centaur warrior
  9491 | D:8      | Killed a centaur warrior
  9505 | D:8      | Noticed a four-headed hydra
  9517 | D:8      | Killed a four-headed hydra
  9517 | D:8      | Reached skill level 12 in Stealth
  9673 | D:8      | Found a sparkling altar of Nemelex Xobeh.
  9742 | D:8      | Found a shimmering altar of Xom.
 10284 | D:8      | Reached XP level 11. HP: 29/53 MP: 15/21
 10414 | D:9      | Noticed Grum
 10494 | D:8      | HP: 1/53 [orc wizard/dagger (4)]
 10497 | D:8      | Killed from afar by an orc wizard

Vault maps used:
D:1:      dpeg_arrival_chambers_temple_mockup
D:2:      kennysheep_generic_room_2
D:3:      grunt_temple_overflow_open, uniq_robin
D:4:      minmay_temple_entry_butterflies, uniq_crazy_yiuf_cottage
D:5:      first_bread
D:6:      yredelemnul_altar_generic, gup_sewer_entry_glass,
          nicolae_ossuary_entry_ruins, nicolae_ru_path_of_blood, uniq_grinder,
          uniq_blork_the_orc
D:7:      makhleb_heckhound_becter
D:8:      wad_statue_garden, lemuel_round_altar, nemelex_deck, uniq_erolcha
D:9:      gammafunk_temple_overflow_statue, hangedman_pestilent_swarm, uniq_grum
Temple:   circular_temple_12
Ossuary:  ossuary_crypta

Action                   |  1- 3 |  4- 6 |  7- 9 | 10-12 || total
-------------------------+-------+-------+-------+-------++-------
Melee: Dagger            |    46 |   149 |   700 |   276 ||  1171
 Cast: Corona            |     1 |     1 |     2 |       ||     4
       Ensorcelled Hiber |     7 |    29 |     8 |       ||    44
       Confuse           |       |       |    34 |    21 ||    55
       Dazzling Spray    |       |       |     3 |    14 ||    17
       Tukima's Dance    |       |       |     3 |       ||     3
Invok: Shadow Step       |       |       |     1 |       ||     1
 Abil: Evoke Invisibilit |       |     1 |     7 |     4 ||    12
  Use: Scroll            |       |       |    16 |       ||    16
       Potion            |       |       |     8 |       ||     8
 Stab: Sleeping          |     9 |    19 |    26 |    14 ||    68
       Invisible         |       |     3 |    16 |    12 ||    31
       Confused          |       |       |    18 |     8 ||    26
       Distracted        |       |       |     2 |       ||     2
  Eat: Bread ration      |       |     1 |     2 |       ||     3
       Fruit             |       |       |     1 |     2 ||     3
       Royal jelly       |       |       |     1 |       ||     1
